 Dungeon Crawl Stone Soup version 0.27.1-37-g7b29ead8ac (webtiles) character file.

Game seed: 4054335727249164679

2062 sahdkjhfkaj the Shield-Bearer (level 8, -9/67 HPs)
             Began as a Demigod Fighter on Dec 19, 2023.
             Killed from afar by a steam dragon (13 damage)
             ... with a ball of steam
             ... on level 6 of the Dungeon.
             The game lasted 00:10:51 (8225 turns).

sahdkjhfkaj the Shield-Bearer (Demigod Fighter)     Turns: 8225, Time: 00:10:52

Health: -9/67      AC: 11    Str: 31    XL:     8   Next: 76%
Magic:  10/10      EV:  8    Int: 10    God:
Gold:   328        SH: 12    Dex: 16    Spells: 7/7 levels left

rFire    . . .     SeeInvis .   v - +0 broad axe
rCold    . . .     Faith    .   c - +0 kite shield
rNeg     . . .     Spirit   .   b - +0 scale mail
rPois    .         Reflect  .   e - +0 helmet
rElec    .         Harm     .   (no cloak)
rCorr    .         Rampage  .   h - +1 pair of gloves {Dex+3}
Will     .....                  d - +0 pair of boots
Stlth    ..........             (no amulet)
HPRegen  0.21/turn              l - +6 ring of strength
MPRegen  0.12/turn              (no ring)

@: no status effects
A: high mp 1, forlorn
a: no special abilities


You were on level 6 of the Dungeon.
You visited 1 branch of the dungeon, and saw 7 of its levels.

You collected 328 gold pieces.

Inventory:

Hand Weapons
 a - a +0 war axe
 v - a +0 broad axe (weapon)
Missiles
 k - a throwing net
 t - 18 poisoned darts (quivered)
Armour
 b - a +0 scale mail (worn)
 c - a +0 kite shield (worn)
 d - a +0 pair of boots (worn)
 e - a +0 helmet (worn)
 h - a +1 pair of gloves of dexterity (worn)
 j - a +0 chain mail
Jewellery
 l - a +6 ring of strength (left hand)
 w - a ring of see invisible
 A - a +6 ring of dexterity
Wands
 f - a wand of paralysis (9)
Scrolls
 m - 2 scrolls of amnesia
 n - 2 scrolls of fog
 o - a scroll of silence {unknown}
 q - a scroll of enchant weapon {unknown}
 r - a scroll of magic mapping {unknown}
 s - a scroll of noise {unknown}
 x - a scroll of enchant armour {unknown}
 y - a scroll of teleportation
 B - a scroll of summoning {unknown}
Potions
 g - a potion of berserk rage {unknown}
 i - 2 potions of curing
 p - a potion of invisibility
 u - a potion of lignification
 z - a potion of brilliance {unknown}
 C - 2 potions of might


   Skills:
 + Level 4.6 Fighting
 * Level 5.7 Axes
 + Level 4.7 Armour
 * Level 6.1 Shields
 - Level 5.0 Evocations


You had 7 spell levels left.
You didn't know any spells.
Your spell library contained the following spells:

 Spells                   Type           Power      Damage    Failure   Level
 Sandblast                Erth           0%         2d4       93%         1
 Shock                    Conj/Air       0%         1d3       93%         1
 Passwall                 Tmut/Erth      0%         N/A       98%         2
 Static Discharge         Conj/Air       0%         N/A       98%         2
 Sublimation of Blood     Necr           0%         N/A       98%         2
 Stone Arrow              Conj/Erth      0%         3d7       100%        3
 Swiftness                Air            0%         N/A       100%        3
 Airstrike                Air            0%         N/A       100%        4
 Animate Armour           Summ/Erth      0%         N/A       100%        4
 Dispel Undead            Necr           0%         3d6       100%        4
 Petrify                  Tmut/Erth      0%         N/A       100%        4
 Sticky Flame             Conj/Fire      0%         2d3       100%        4
 Summon Lightning Spire   Summ/Air       0%         N/A       100%        4
 Irradiate                Conj/Tmut      0%         3d14      100%        5
 Lee's Rapid Deconstruct  Erth           0%         3d5*      100%        5
 Storm Form               Tmut/Air       0%         N/A       100%        7
 Lehudib's Crystal Spear  Conj/Erth      0%         10d2      100%        8
 Maxwell's Capacitive Co  Air            0%         ∞         100%        8


Dungeon Overview and Level Annotations

Branches:
Dungeon (7/15)
 Temple: D:4-7

Shops:
D:2 :


Innate Abilities, Weirdness & Mutations

Your attributes grow dramatically as you level up.
You have an increased reservoir of magic. (+10% MP)
You shall have no god before yourself.


Message History

The kobold hits you but does no damage. The steam dragon completely misses you.
The steam dragon claws you but does no damage.
The kobold throws a stone.
You block the stone.
You climb upwards.
There is a stone staircase leading down here.
Unknown command.
You closely miss the steam dragon. You hit the ufetubus but do no damage.
You closely miss the kobold.
The ufetubus hits you but does no damage.
The ufetubus barely misses you. The kobold hits you but does no damage.
You block the steam dragon's attack. The steam dragon closely misses you.
You block the ufetubus's attack. x2
Unknown command.
You slice the steam dragon!!
The steam dragon is severely wounded.
You barely miss the ufetubus. You slash the kobold!
You kill the kobold!
The ufetubus hits you but does no damage.
You block the ufetubus's attack. The steam dragon breathes steam at you.
The ball of steam hits you!!
The ball of steam hits the ufetubus!!
The ufetubus dies!
The steam dragon bites you but does no damage.
The steam dragon barely misses you.
Unknown command.
You hit the steam dragon but do no damage.
The steam dragon is severely wounded.
You are engulfed in a cloud of scalding steam.
The steam dragon breathes steam at you. The ball of steam hits you!!
* * * LOW HITPOINT WARNING * * *
Unknown command.
You hit the steam dragon.
The steam dragon is severely wounded.
The steam dragon breathes steam at you. The ball of steam hits you!
* * * LOW HITPOINT WARNING * * *
The steam dragon breathes steam at you. The ball of steam hits you!
You die...

#.########.###
#.####
#))..........#
#.##.##
#.)#######.#.#
#.#.#.## #).#
#.#.#
#..###.## #..#
#.#.# #.##
##.# #..#
#.#.#
##.###.## #..#
#.#.# ##.#.##
####..#
##.#)####
##.## ......#
#...D@§§# #..#
#######
#.#####.# #.##
#.# #.###.#
#.# #.....#
#.# #.##..# ##
#.#####.##..#
.#
#.......##..#
.#
#######.##..#
.###########
#.##..#


You could see a steam dragon (catching breath).

Vanquished Creatures
  A steam dragon (D:7)
  An acid dragon (D:6)
  2 orc warriors
  A black bear (D:6)
  2 sky beasts (D:6)
  4 ogres
  2 phantoms (D:5)
  A kobold brigand (D:5)
  A bullfrog (D:6)
  2 scorpions
  A centaur zombie (D:6)
  A jelly (D:6)
  An orc priest (D:6)
  2 bullfrog skeletons
  2 iguanas
  2 gnoll shamans
  4 orc wizards
  A hound zombie (D:5)
  9 gnolls
  8 adders
  A white imp (D:6)
  An adder skeleton (D:4)
  4 worms
  2 dart slugs (D:3)
  17 orcs
  6 endoplasms
  3 giant cockroaches
  9 goblins
  4 hobgoblins
  4 jackals (D:1)
  12 kobolds
  3 quokkas
  6 ball pythons
  5 bats
  4 frilled lizards
  8 rats
137 creatures vanquished.

Vanquished Creatures (others)
  An ufetubus (D:6)
  A kobold (D:7)
2 creatures vanquished.

Grand Total: 139 creatures vanquished

Notes
Turn   | Place    | Note
-------+----------+-------------------------------------------
     0 | D:1      | sahdkjhfkaj the Demigod Fighter began the quest for the
                  | Orb.
     0 | D:1      | Reached XP level 1. HP: 18/18 MP: 3/3
   489 | D:1      | Reached XP level 2. HP: 25/25 MP: 4/4
   535 | D:1      | Reached skill level 3 in Shields
  1236 | D:2      | Reached XP level 3. HP: 30/30 MP: 5/5
  1341 | D:2      | Found Jani Jig's Book Boutique.
  1501 | D:2      | You fall into a shaft and drop 1 floor!
  1830 | D:2      | Noticed a scorpion
  1838 | D:2      | Killed a scorpion
  1839 | D:2      | Reached XP level 4. HP: 29/38 MP: 6/6
  2385 | D:3      | Reached XP level 5. HP: 40/45 MP: 7/7
  2460 | D:3      | Reached skill level 4 in Shields
  2751 | D:4      | Noticed an ogre
  3377 | D:4      | Reached XP level 6. HP: 51/51 MP: 8/8
  4917 | D:4      | Reached XP level 7. HP: 58/58 MP: 9/9
  4956 | D:5      | Entered Level 5 of the Dungeon
  4991 | D:5      | Reached skill level 1 in Evocations
  6200 | D:6      | Reached skill level 5 in Evocations
  6200 | D:6      | Reached skill level 5 in Shields
  6200 | D:6      | Reached XP level 8. HP: 51/66 MP: 10/10
  6624 | D:6      | Reached skill level 5 in Axes
  7665 | D:6      | Reached skill level 6 in Shields
  8225 | D:6      | Killed from afar by a steam dragon

Illustrated notes

Levels and vault maps discovered:
D:1:      lemuel_arrival_broad_hall, layout_basic,
          hellmonk_ecumenical_altar_lost_god, minmay_splitting_lines
D:2:      layout_basic, serial_shops, shop_statue, minmay_box_of_dots
D:3:      layout_basic, nicolae_vehumet_radiance
D:4:      layout_basic, lightli_sewer_entry_pipes, minivault_5
D:5:      layout_loops_ring, kennysheep_little_box,
          mainiacjoe_overflow_alcove_2, mainiacjoe_overflow_tiny_flanked
D:6:      layout_loops_ring, chequers_decorated_corner
D:7:      layout_rooms, minmay_temple_entry_mini_moons, minmay_crystal_room,
          uniq_crazy_yiuf_cottage

Skill      XL: |  1  2  3  4  5  6  7  8 |
---------------+-------------------------+-----
Axes           | 2 3 4 5 |  5.7
Shields        | 3 4 5 6 |  6.1
Fighting       | 3 4 |  4.6
Armour         | 3 4 |  4.7
Evocations     | 5 |  5.0

Action                   |  1- 3 |  4- 6 |  7- 9 || total
-------------------------+-------+-------+-------++-------
Melee: War axe           |   145 |   215 |    38 ||   398
       Broad axe         |       |       |   112 ||   112
Throw: Dart              |       |       |    10 ||    10
Evoke: Wand              |       |       |     1 ||     1
  Use: Potion            |     1 |     2 |     1 ||     4
       Scroll            |       |     4 |     3 ||     7
 Stab: Invisible         |       |     1 |       ||     1
       Paralysed         |       |       |     4 ||     4
Armor: Scale mail        |   102 |    98 |    78 ||   278
Dodge: Dodged            |    55 |    57 |    42 ||   154
Block: Kite shield       |    94 |   132 |   102 ||   328
